 Dungeon Crawl Stone Soup version 0.30.1-11-g7821555f0a (webtiles) character file.

Game seed: 17070967297491613431

6346 ChrisAssaf the Reanimator (level 10, -7/71 HPs)
             Began as a Demonspawn Necromancer on Dec 17, 2023.
             Was an Elder of Sif Muna.
             Mangled by a cane toad (12 damage)
             ... on level 1 of the Lair of Beasts.
             The game lasted 00:46:01 (8745 turns).

ChrisAssaf the Reanimator (Demonspawn Necromancer)  Turns: 8745, Time: 00:46:03

Health: -7/71      AC:  3    Str: 14    XL:     10   Next: 64%
Magic:  6/21       EV: 12    Int: 25    God:    Sif Muna [****..]
Gold:   415        SH:  0    Dex: 11    Spells: 7/21 levels left

rFire   . . .        z - +7 scimitar of Nightmares {vamp, rElec Str+8}
rCold   . . .        (no shield)
rNeg    . . .        n - +0 leather armour {rPois}
rPois   +            (no helmet)
rElec   +            (no cloak)
rCorr   +            (gloves unavailable)
SInv    +            (no boots)
Will    +....        (no amulet)
Stlth   ++           m - +6 ring of intelligence
HPRegen 0.31/turn    c - ring "Taofoeso" {Fly rPois rCorr Dex-5 SInv}
MPRegen 0.17/turn

%: no passive effects
@: lethally poisoned (-7 -> -20), flying
A: claws 3, foul stench 1, spiny 1, high MP 1, strong-willed 1, weak 1
a: Renounce Religion, Channel Magic, Forget Spell, Divine Exegesis


You were on level 1 of the Lair of Beasts.
You worshipped Sif Muna.
Sif Muna was greatly pleased with you.
You visited 2 branches of the dungeon, and saw 9 of its levels.
You also visited: Ossuary.

You collected 703 gold pieces.
You spent 288 gold pieces at shops.

Inventory:

Hand Weapons
 z - the +7 scimitar of Nightmares (weapon) {vamp, rElec Str+8}
   (You bought it in a shop on level 7 of the Dungeon)

   Str:       It affects your strength (+8).
   rElec:     It insulates you from electricity.
Missiles
 v - 5 silver boomerangs
 A - 2 javelins (quivered)
 D - 5 boomerangs
Armour
 n - a +0 leather armour of poison resistance (worn)
Jewellery
 c - the ring "Taofoeso" (right claw) {Fly rPois rCorr Dex-5 SInv}
   (You found it on level 7 of the Dungeon)

   [ring of flight]

   Dex:       It affects your dexterity (-5).
   rPois:     It protects you from poison.
   SInv:      It lets you see invisible.
   Fly:       It grants you flight.
   rCorr:     It protects you from acid and corrosion.
 m - a +6 ring of intelligence (left claw)
Wands
 f - a wand of roots (5)
 k - a wand of polymorph (3)
 q - a wand of acid (2)
 y - a wand of mindburst (5)
Scrolls
 a - a scroll of vulnerability
 e - 7 scrolls of teleportation
 g - 3 scrolls of amnesia
 j - 2 scrolls of noise
 l - 4 scrolls of magic mapping
 t - 2 scrolls of fog
 B - 2 scrolls of enchant weapon
 C - a scroll of poison
Potions
 b - 2 potions of lignification
 d - a potion of flight
 h - 2 potions of cancellation {unknown}
 i - a potion of brilliance {unknown}
 o - a potion of invisibility
 p - 3 potions of attraction {unknown}
 r - 3 potions of mutation
 s - a potion of haste {unknown}
 w - 2 potions of berserk rage {unknown}
 x - 2 potions of might {unknown}


   Skills:
 * Level 3.7 Fighting
 * Level 3.0 Long Blades
 * Level 3.0 Axes
 - Level 3.1 Ranged Weapons
 * Level 3.1 Throwing
 * Level 3.4 Armour
 * Level 4.1 Dodging
 * Level 4.4 Stealth
 - Level 1.3 Unarmed Combat
 * Level 6.1 Spellcasting
 * Level 3.7 Hexes
 * Level 8.2 Necromancy
 * Level 2.6 Ice Magic
 * Level 5.1 Invocations
 * Level 3.7 Evocations


You had 7 spell levels left.
You knew the following spells:

 Your Spells              Type           Power      Damage    Failure   Level
a - Necrotise             Necr           100%       1d9       1%          1
b - Vampiric Draining     Necr           48%        2d9       1%          3
c - Confusing Touch       Hex            26%        N/A       6%          3
d - Animate Dead          Necr           48%        N/A       3%          4
e - Frozen Ramparts       Ice            40%        1d7       9%          3

Your spell library contained the following spells:

 Spells                   Type           Power      Damage    Failure   Level
 Slow                     Hex            100%       N/A       1%          1
 Agony                    Necr           48%        N/A       9%          5
 Ice Form                 Ice/Tmut       14%        N/A       45%         4
 Summon Ice Beast         Ice/Summ       14%        N/A       45%         4
 Malign Gateway           Summ/Tloc      3%         N/A       100%        7
 Summon Horrible Things   Summ           3%         N/A       100%        8


Dungeon Overview and Level Annotations

Branches:
Dungeon (8/15)             Temple (0/1) D:5            Lair (1/5) D:8
Ossuary (visited)

Altars:
Ashenzari
Cheibriados
Hepliaklqana
Kikubaaqudgha
Okawaru
Sif Muna
Yredelemnul

Shops:
D:1 *   D:7 *


Innate Abilities, Weirdness & Mutations

You have claws for hands.
You may rarely emit foul miasma when damaged in melee.
You are partially covered in sharp spines.
You have an increased reservoir of magic. (+10% MP)
You are strong-willed. (Will+)
You are weak. (Str -2)


Message History

Aim: a water moccasin (moderately wounded)
You draw life force from the water moccasin!
You feel life coursing into your body.
The yak bellows!
The cane toad stings you!
You are poisoned.
The cane toad poisons you! The water moccasin closely misses you.
A yak comes into view.
The cane toad is struck by your spines. The cane toad stings you!
* * * LOW HITPOINT WARNING * * *
Unknown command.
Unknown command.
Casting: Vampiric Draining (safe; 1% risk of failure)
Confirm with . or Enter, or press ? or * to list all spells.
Aiming: Vampiric Draining (safe; 1% risk of failure)
Press: ? - help, Shift-Dir - straight line, f/p - water moccasin
Aim: a water moccasin (severely wounded)
You draw life force from the water moccasin!
You feel life coursing into your body.
The yak bellows!
* * * LOW HITPOINT WARNING * * *
You feel very sick.
You hear a bellow!
The water moccasin closely misses you. The cane toad is struck by your spines.
The cane toad closely misses you. The water moccasin barely misses you.
Casting: Vampiric Draining (safe; 1% risk of failure)
Confirm with . or Enter, or press ? or * to list all spells.
Aiming: Vampiric Draining (safe; 1% risk of failure)
Press: ? - help, Shift-Dir - straight line, f/p - water moccasin
Aim: a water moccasin (almost dead)
You draw life force from the water moccasin.
You kill the water moccasin!
Sif Muna accepts your kill.
You feel life coursing into your body.
* * * LOW HITPOINT WARNING * * *
You feel very sick.
The blink frog is struck by your spines.
The blink frog closely misses you. The cane toad is struck by your spines.
The cane toad stings you!
You die...

##.## ##.## .# #...# .##
# ####.### ##.P###.#
#.#P.##### #........
#.......# ........)
##..F....# #........ +
#........# ###........
#..#.......###YF@F......
#.........†YY..#FF......
####.......#.##...(.....
######.######........
#.# ###.#.P## #..#
...... #.## .#.P## #.
#.... ..


You could see 3 yaks, a cane toad and 3 blink frogs.

Vanquished Creatures
  A two-headed ogre (D:8)
  Joseph (D:8)
  A cane toad (Lair:1)
  4 komodo dragons
  A blink frog (Lair:1)
  A yak (D:8)
  A wyvern (D:7)
  2 steam dragons
  An acid dragon (D:5)
  8 water moccasins
  A sky beast (D:7)
  An orc warrior (D:7)
  3 black bears
  3 ice beasts
  A centaur (D:8)
  An ogre (D:5)
  A phantom (D:7)
  5 bullfrogs
  A scorpion (D:8)
  6 killer bees (D:7)
  4 hounds
  4 jellies
  4 orc priests
  A gnoll bouda (D:5)
  4 iguanas
  3 sleepcaps
  4 orc wizards
  A hound zombie (Ossuary)
  4 mummies (Ossuary)
  11 adders
  A white imp (D:6)
  2 ufetubi
  2 adder zombies (Ossuary)
  4 worms
  2 dart slugs (D:3)
  23 orcs
  8 endoplasms
  3 giant cockroaches
  A gnoll zombie (Ossuary)
  5 goblins
  8 hobgoblins
  11 jackals
  6 quokkas
  9 ball pythons
  5 bats
  8 frilled lizards
  2 hobgoblin zombies (Ossuary)
  A jackal zombie (Ossuary)
  10 kobolds
  3 kobold zombies (Ossuary)
  An orc zombie (Ossuary)
  7 rats
  A rat zombie (Ossuary)
207 creatures vanquished.

Vanquished Creatures (collateral kills)
  A centaur (D:8)
  A killer bee (D:7)
  2 orc wizards (D:7)
  A shadow imp (D:8)
  2 orcs (D:7)
  2 goblins
  A hobgoblin (D:2)
  A rat (D:1)
11 creatures vanquished.

Vanquished Creatures (others)
  A rime drake (Lair:1)
  An acid dragon (D:7)
  A black bear (D:8)
3 creatures vanquished.

Grand Total: 221 creatures vanquished

Notes
Turn   | Place    | Note
-------+----------+-------------------------------------------
     0 | D:1      | ChrisAssaf the Demonspawn Necromancer began the quest for
                  | the Orb.
     0 | D:1      | Reached XP level 1. HP: 13/13 MP: 3/3
    75 | D:1      | Found Macsuaq's General Store.
   130 | D:1      | Bought a +0 sling for 19 gold pieces
   130 | D:1      | Bought a scroll of identify for 26 gold pieces
   212 | D:1      | Gained mutation: You have sharp fingernails. [demonic
                  | ancestry]
   212 | D:1      | Reached XP level 2. HP: 20/20 MP: 1/5
   393 | D:2      | Reached XP level 3. HP: 23/25 MP: 2/6
   397 | D:2      | Learned a level 3 spell: Vampiric Draining
   606 | D:3      | Reached skill level 1 in Ranged Weapons
   750 | D:3      | Found a shimmering blue altar of Sif Muna.
   756 | D:3      | Became a worshipper of Sif Muna the Loreminder
   840 | D:3      | Gained mutation: You have very sharp fingernails. [demonic
                  | ancestry]
   840 | D:3      | Reached XP level 4. HP: 30/31 MP: 1/7
   844 | D:3      | Learned a level 3 spell: Confusing Touch
   995 | D:3      | Reached skill level 1 in Fighting
  1142 | D:3      | Reached skill level 5 in Necromancy
  1968 | D:2      | Reached * piety under Sif Muna
  2233 | D:2      | Reached skill level 1 in Armour
  2233 | D:2      | Reached skill level 1 in Invocations
  2233 | D:2      | Gained mutation: You are partially covered in sharp spines.
                  | [demonic ancestry]
  2233 | D:2      | Reached XP level 5. HP: 37/37 MP: 4/9
  2362 | D:2      | Found a faded altar of an unknown god.
  3360 | D:4      | Reached ** piety under Sif Muna
  3443 | D:4      | Gained mutation: You have claws for hands. [demonic
                  | ancestry]
  3443 | D:4      | Reached XP level 6. HP: 20/43 MP: 2/10
  3509 | D:4      | Reached skill level 1 in Hexes
  4029 | D:5      | Entered Level 5 of the Dungeon
  4076 | D:5      | Noticed an acid dragon
  4081 | D:5      | Found an ancient bone altar of Kikubaaqudgha.
  4081 | D:5      | Found a snail-covered altar of Cheibriados.
  4081 | D:5      | Found a hazy altar of Hepliaklqana.
  4264 | D:5      | Reached skill level 1 in Evocations
  4527 | D:5      | Killed an acid dragon
  4528 | D:5      | Gained mutation: You may rarely emit foul miasma when
                  | damaged in melee. [demonic ancestry]
  4528 | D:5      | Reached XP level 7. HP: 30/49 MP: 3/11
  4551 | D:5      | Learned a level 4 spell: Animate Dead
  4551 | D:5      | Noticed Ijyb
  4554 | D:5      | Ijyb changed into Ijyb the iguana
  4554 | D:5      | Noticed Ijyb
  4561 | D:5      | Killed Ijyb the iguana
  4683 | D:5      | Found a staircase to the Ecumenical Temple.
  4783 | D:5      | Reached skill level 1 in Unarmed Combat
  5446 | D:6      | Reached skill level 6 in Necromancy
  5501 | D:6      | Reached skill level 1 in Throwing
  5611 | D:6      | Reached XP level 8. HP: 56/56 MP: 13/13
  5693 | D:6      | Noticed an angel
  5698 | D:6      | Found a basalt altar of Yredelemnul.
  5700 | D:6      | Noticed a profane servitor
  5752 | D:6      | Reached *** piety under Sif Muna
  6437 | D:7      | Found Ea-nāṣir's Fine Metal Goods.
  6449 | D:7      | Bought a fine scimitar for 243 gold pieces
  6449 | D:7      | Identified the +7 scimitar of Nightmares {vamp, rElec
                  | Str+8} (You bought it in a shop on level 7 of the Dungeon)
  6457 | D:7      | Learned a level 3 spell: Frozen Ramparts
  6476 | D:7      | Identified the ring "Taofoeso" {Fly rPois rCorr Dex-5 SInv}
  6595 | D:7      | Found a broken altar of Ashenzari.
  6622 | D:7      | Reached skill level 1 in Axes
  6648 | D:7      | Reached skill level 1 in Ice Magic
  6699 | D:7      | Reached skill level 1 in Long Blades
  6699 | D:7      | Reached XP level 9. HP: 31/62 MP: 6/15
  6838 | D:7      | Gained mutation: You are weak. (Str -2) [potion of
                  | mutation]
  6838 | D:7      | Gained mutation: You are strong-willed. (Will+) [potion of
                  | mutation]
  6838 | D:7      | Gained mutation: You have an increased reservoir of magic.
                  | (+10% MP) [potion of mutation]
  6852 | D:7      | Noticed a komodo dragon
  6860 | D:7      | Killed a komodo dragon
  6861 | D:7      | Reached skill level 7 in Necromancy
  7236 | D:7      | Reached skill level 5 in Spellcasting
  7449 | D:8      | Found a sand-covered staircase.
  7455 | Ossuary  | Entered an ossuary
  7464 | Ossuary  | Reached **** piety under Sif Muna
  7670 | D:8      | Noticed a two-headed ogre
  7702 | D:8      | Killed a two-headed ogre
  7982 | D:8      | Found a staircase to the Lair.
  7982 | D:8      | Noticed a komodo dragon
  7989 | D:8      | Noticed a komodo dragon
  8009 | D:8      | Reached XP level 10. HP: 45/70 MP: 1/20
  8120 | D:8      | Noticed Joseph
  8262 | D:8      | Killed Joseph
  8340 | D:8      | Found an iron altar of Okawaru.
  8568 | Lair:1   | Entered Level 1 of the Lair of Beasts
  8580 | Lair:1   | Noticed a cane toad
  8587 | Lair:1   | Killed a cane toad
  8588 | Lair:1   | Reached skill level 8 in Necromancy
  8729 | Lair:1   | Reached skill level 5 in Invocations
  8730 | Lair:1   | Noticed a cane toad
  8745 | Lair:1   | Mangled by a cane toad

Illustrated notes

Levels and vault maps discovered:
D:1:      dreamdust_arrival_beginning_and_end, layout_basic, serial_shops,
          shop_fountains
D:2:      layout_basic, serial_glass, glass_columns_b, glass_columns_a,
          dilly_ecumenical_altar_fadedgnrine, minmay_hexomino_u4
D:3:      layout_basic, marbit_many_paths, minmay_crystal_room
D:4:      layout_cave_pools
D:5:      minmay_general_purpose_star, layout_basic,
          gammafunk_temple_overflow_claw, minmay_temple_entry_proselytizer,
          uniq_ijyb
D:6:      layout_gridville, grunt_temple_overflow_holy_war
D:7:      layout_cave_pools, old_standard_altar, nicolae_ea-nasir_strikes_again,
          grunt_tough_drop
D:8:      layout_basic, lemuel_tele_altar, due_lair_maze_entry_diamond,
          enter_ossuary_5, uniq_joseph
Lair:1:   layout_roguey, grunt_megastairs_5, serial_bayou_shore_a,
          serial_bayou_shore_b

Skill      XL: |  1  2  3  4  5  6  7  8  9 10 |
---------------+-------------------------------+-----
Stealth        | 2 3 4 |  4.4
Ranged Weapons | 1 2 3 |  3.1
Fighting       | 1 2 3 |  3.7
Dodging        | 2 3 4 |  4.1
Necromancy     | 5 6 7 8 |  8.2
Armour         | 1 2 3 |  3.4
Invocations    | 1 2 3 4 5 |  5.1
Hexes          | 1 2 3 |  3.7
Spellcasting   | 3 4 5 6 |  6.1
Evocations     | 1 2 3 |  3.7
Unarmed Combat | 1 |  1.3
Throwing       | 1 2 3 |  3.1
Axes           | 1 2 3 |  3.0
Ice Magic      | 1 2 |  2.6
Long Blades    | 1 2 3 |  3.0

Action                     |  1- 3 |  4- 6 |  7- 9 | 10-12 || total
---------------------------+-------+-------+-------+-------++-------
  Melee: Unarmed           |       |    14 |    16 |       ||    30
         Hand axe          |       |       |    19 |       ||    19
         Scimitar          |       |       |    41 |    30 ||    71
         Punch             |       |       |     2 |       ||     2
   Fire: Sling             |    58 |   125 |       |       ||   183
  Throw: Javelin           |       |     5 |    49 |     4 ||    58
         Boomerang         |       |       |     1 |       ||     1
   Cast: Necrotise         |    35 |    48 |    18 |       ||   101
         Vampiric Draining |     2 |    26 |    47 |    22 ||    97
         Animate Dead      |       |       |     1 |       ||     1
  Evoke: Wand              |       |     1 |     8 |     9 ||    18
    Use: Scroll            |     3 |     8 |     9 |     2 ||    22
         Potion            |     1 |     1 |     1 |     3 ||     6
   Stab: Sleeping          |       |     1 |       |       ||     1
 Armour: Robe              |     7 |     7 |       |       ||    14
         Leather armour    |       |     7 |    23 |     9 ||    39
         Skin              |       |       |       |    10 ||    10
  Dodge: Dodged            |    35 |    40 |    94 |    41 ||   210
